 Dungeon Crawl Stone Soup version 0.20.1-1-g8b1a95d (webtiles) character file.

900 tmwrnj the Chopper (level 8, 0/70 HPs)
             Began as a Hill Orc Fighter on Oct 4, 2017.
             Slain by a killer bee (6 damage)
             ... on level 5 of the Dungeon.
             The game lasted 00:10:50 (5338 turns).

tmwrnj the Chopper (Hill Orc Fighter)               Turns: 5338, Time: 00:10:50

Health: 0/70       AC:  8    Str: 20    XL:     8   Next: 7%
Magic:  8/8        EV:  8    Int:  8    God:
Gold:   331        SH: 10    Dex: 11    Spells: 7/7 levels left

rFire    . . .     SeeInvis .   a - +0 war axe
rCold    . . .     Gourm    .   c - +0 shield
rNeg     . . .     Faith    .   b - +0 scale mail
rPois    .         Spirit   .   (no helmet)
rElec    .         Reflect  .   y - +0 cloak
rCorr    .         Harm     .   (no gloves)
MR       .....                  (no boots)
Stlth    ..........             (no amulet)
Regen    0.3/turn               (no ring)
MPRegen  0.2/turn               (no ring)

@: no status effects
A: no striking features
a: no special abilities


You were on level 5 of the Dungeon.
You were not hungry.

You visited 1 branch of the dungeon, and saw 6 of its levels.

You collected 331 gold pieces.

Inventory:

Hand Weapons
 a - a +0 war axe (weapon)
 r - a +2 flail of holy wrath
Armour
 b - a +0 scale mail (worn)
 c - a +0 shield (worn)
 y - a +0 cloak (worn)
Jewellery
 q - an uncursed ring of wizardry {unknown}
 s - an uncursed ring of wizardry {unknown}
 B - a cursed -2 ring of protection {unknown}
 D - a cursed ring of loudness {unknown}
Wands
 v - a wand of polymorph (11/24)
 E - a wand of polymorph (6/24)
Scrolls
 e - a scroll of random uselessness {unknown}
 g - 2 scrolls of recharging
 h - 2 scrolls of identify
 j - 5 scrolls of teleportation
 k - a scroll of fog {unknown}
 m - 4 scrolls of fear
 o - 2 scrolls of remove curse {unknown}
 p - 3 scrolls of amnesia
 C - a scroll of enchant armour {unknown}
 G - a scroll of immolation {unknown}
Potions
 d - a potion of might
 i - a potion of agility {unknown}
 l - 6 potions of curing
 n - a potion of lignification {unknown}
 t - a potion of cancellation {unknown}
 x - a potion of mutation {unknown}
 z - a potion of magic {unknown}
 A - a potion of resistance {unknown}
Comestibles
 f - 6 bread rations
 u - a royal jelly
 w - a meat ration
 F - 2 chunks of flesh


   Skills:
 + Level 5.8 Fighting
 + Level 7.2 Axes
 + Level 5.1 Armour
 + Level 2.0 Dodging
 + Level 0.5 Stealth
 + Level 5.5 Shields


You had 7 spell levels left.
You didn't know any spells.

Dungeon Overview and Level Annotations

Branches:
Dungeon (6/15)             Temple (0/1) D:4

Altars:
Dithmenos
Gozag
Nemelex Xobeh
Xom
Zin


Message History

You feel sick.
The killer bee stings you but does no damage.
You miss the killer bee. The killer bee stings you.
* * * LOW HITPOINT WARNING * * *
You block the killer bee's attack. x2
You closely miss the killer bee.
You feel sick. You block the killer bee's attack.
The killer bee stings you but does no damage.
You miss the killer bee.
You feel sick. The killer bee stings you.
* * * LOW HITPOINT WARNING * * *
The killer bee stings you.
* * * LOW HITPOINT WARNING * * *
The killer bee stings you.
* * * LOW HITPOINT WARNING * * *
You are lethally poisoned!
The killer bee poisons you!
You feel better. The killer bee stings you.
* * * LOW HITPOINT WARNING * * *
The killer bee stings you.
You die...

.##.## #.# #.# # .....###
#.#############.# # .......#
#...............# .##..#.##
###....^..#########
.##.....###...<.....#
.##..#..............#
............##.....##
.....#.#########y#.# .#.(.###
#@#.# .#...# #.#.#############
.#.#.###########...............#
.#.#(..............###########.#
.#.#.###########.....# #.#
...#.# #.....##### #.# .###.#
#.........#####.## .# #.#
#<................ .# #.#
#.....############


You could see a killer bee.

Vanquished Creatures
  3 ogres
  A bullfrog (D:5)
  A water moccasin zombie (D:5)
  3 killer bees (D:5)
  3 hounds
  An orc wizard (D:2)
  An iguana (D:6)
  2 worker ants
  5 adders
  7 gnolls
  An ooze (D:1)
  An adder skeleton (D:4)
  A worm (D:2)
  A dart slug (D:2)
  2 leopard geckos
  8 orcs
  A ball python (D:2)
  9 bats
  10 giant cockroaches
  4 goblins
  11 hobgoblins
  8 jackals
  5 kobolds
  4 quokkas
  2 frilled lizards
  7 rats
102 creatures vanquished.

Notes
Turn   | Place    | Note
-------+----------+-------------------------------------------
     0 | D:1      | tmwrnj the Hill Orc Fighter began the quest for the Orb.
     0 | D:1      | Reached XP level 1. HP: 19/19 MP: 1/1
   141 | D:1      | Reached skill level 3 in Axes
   141 | D:1      | Reached XP level 2. HP: 25/27 MP: 2/2
   219 | D:1      | Found a sparkling altar of Nemelex Xobeh.
   230 | D:1      | Reached XP level 3. HP: 31/33 MP: 3/3
   797 | D:2      | Found a glowing silver altar of Zin.
  1154 | D:2      | Reached XP level 4. HP: 35/40 MP: 4/4
  1537 | D:2      | Reached skill level 4 in Axes
  1794 | D:3      | Reached XP level 5. HP: 44/46 MP: 5/5
  1866 | D:3      | Found a shimmering altar of Xom.
  1867 | D:3      | Found a shadowy altar of Dithmenos.
  2051 | D:3      | Reached skill level 1 in Dodging
  2326 | D:3      | Reached skill level 5 in Axes
  2809 | D:4      | Reached XP level 6. HP: 53/53 MP: 6/6
  3306 | D:4      | Found a staircase to the Ecumenical Temple.
  3781 | D:5      | Entered Level 5 of the Dungeon
  3835 | D:5      | Reached skill level 5 in Fighting
  3835 | D:5      | Reached skill level 6 in Axes
  3835 | D:5      | Reached XP level 7. HP: 58/61 MP: 7/7
  4148 | D:5      | Found an opulent altar of Gozag.
  4148 | D:5      | Found a sparkling altar of Nemelex Xobeh.
  4248 | D:5      | Reached skill level 5 in Shields
  5101 | D:6      | Reached skill level 7 in Axes
  5101 | D:6      | Reached skill level 5 in Armour
  5331 | D:5      | Reached XP level 8. HP: 29/70 MP: 8/8
  5337 | D:5      | HP: 2/70 [killer bee (4)]
  5338 | D:5      | Slain by a killer bee

Skill      XL: |  1  2  3  4  5  6  7  8 |
---------------+-------------------------+-----
Axes           | 3 4 5 6 7 |  7.2
Fighting       | 4 5 |  5.8
Shields        | 4 5 |  5.5
Dodging        | 1 2 |  2.0
Armour         | 4 5 |  5.1
Stealth        | |  0.5

Action                   |  1- 3 |  4- 6 |  7- 9 || total
-------------------------+-------+-------+-------++-------
Melee: War axe           |   122 |   208 |    91 ||   421
  Use: Scroll            |       |     3 |     1 ||     4
       Potion            |       |       |     2 ||     2
  Eat: Chunk             |       |    10 |     3 ||    13
       Royal jelly       |       |       |     1 ||     1
Armor: Scale mail        |    69 |    88 |    61 ||   218
Dodge: Dodged            |    52 |    76 |    64 ||   192
Block: Shield            |    84 |   106 |    71 ||   261
